Description

Generated with CarbonTwelve's Starcraft Fusion.

It's a very efficient build against any early zerg composition, with exception of mutalisks rush (scouting or scanning required).

Hellions must be normally converted to hellbats before the attack. If the enemy uses banelings cyclones must be put in front of hellbats, otherwise hellbats should be a meatshield for cyclones. Remember that cyclones are key damage dealers to all armored units and structures, so keep them alife. If the enemy doesn't have a spire it's reasonable to constantly order new cyclones / hellions and rally them to the main army. If a spire is detected an engineering bay must be constructed at once to unlock missile turrets.

The build takes into account the last cyclone's reworking, which enabled players to build cyclones in a factory with reactor for 150M 100G.

Build Order

Get SALT Encoding   

  13  0:02  SCV  
  14  0:14  SCV  
  14  0:17  Supply Depot  
  14  0:23  Refinery  
  15  0:28  SCV  
  16  0:40  SCV  
  16  0:45  Barracks, Action (Move SCVs to Gas)  
  17  0:53  SCV  
  18  1:05  SCV  
  19  1:17  SCV  
  20  1:29  SCV  
  20  1:32  Factory  
  22  1:42  Marine, SCV  
  22  1:54  Orbital Command, Supply Depot  
  23  2:00  Marine  
  23  2:12  Refinery  
  23  2:16  Armory  
  24  2:20  Action, SCV (Call MULE)  
  24  2:23  Factory Reactor  
  24  2:30  Command Center  
  25  2:32  SCV  
  25  2:37  Action (Move SCVs to Gas)  
  26  2:45  SCV  
  27  2:57  Supply Depot, SCV  
  31  3:00  Hellion x2  
  31  3:03  Terran Vehicle Weapons Level 1  
  31  3:10  Factory  
  35  3:21  Hellion x2  
  36  3:23  SCV  
  36  3:25  Action (Call MULE)  
  37  3:35  SCV  
  38  3:42  SCV  
  43  3:43  Cyclone, Hellion  
  44  3:47  SCV  
  48  3:54  Cyclone, SCV  
  49  4:00  SCV  
  49  4:03  Supply Depot  
  51  4:05  Hellion  
  51  4:07  Orbital Command  
  52  4:12  SCV  
  54  4:16  Hellion  
  60  4:26  Cyclone x2  
  60  4:32  Action x2 (Call MULE)  
  62  4:37  Hellion  
Spawning Tool Build Advisor. Get it on Overwolf

Analysis

What the player must have by 05:00 is as follows.

Income: 1566M 228G

Buildings: 2 Orbital Commands, 2 Refineries, 4 Supply Depots, 1 Barracks, 2 Factories (with 1 Reactor), 1 Armory.

Units: 32 SCVs, 8 Hellions, 4 Cyclones, 2 Marines.

Research: Vehicle Weapons 1 (completed).

Go to:

Details

  • Created by: Turir
  • Published on: Feb 28, 2017
  • Modified on: Apr 26, 2017
  • Patch: 3.8.0
Show
View Real Time Build Order
Export as new Build Order

Comments (0)

There are no comments. Be the first!

Create an account to comment!